Map: Oxide LE

Players

RuFLaSH - Winner!

  • Race: Terran Terran

ALXuMuK

  • Race: Terran Terran
  • League: Bronze

VOD

Have the link to the VOD?

Description

Time

  • Played on: June 1, 2021, 7:55 a.m.
  • Length: 14:46
Show
View Real Time Build Order
Export as new Build Order

RuFLaSH Terran - Winner!

Build Orders:  

Get SALT Encoding   

  12  0:01  SCV  
  13  0:13  SCV  
  14  0:23  Supply Depot  
  14  0:25  SCV  
  15  0:33  Refinery  
  15  0:44  SCV  
  15  0:47  Barracks  
  16  0:56  SCV  
  17  1:23  SCV  
  18  1:31  Barracks  
  18  1:35  SCV  
  18  1:36  Supply Depot  
  19  1:48  Marine  
  19  1:49  Orbital Command  
  20  1:56  Factory  
  19  2:16  Marine  
  19  2:22  Marine  
  21  2:33  Marine  
  22  2:42  Starport  
  22  2:49  Marine  
  22  2:50  SCV  
  24  2:51  Marine  
  25  3:00  Command Center  
  25  3:02  SCV  
  26  3:15  SCV  
  26  3:17  Factory Tech Lab, Bunker  
  27  3:21  Marine x2  
  29  3:37  Supply Depot  
  29  3:44  Refinery  
  29  3:45  SCV  
  30  3:58  SCV  
  30  3:59  Supply Depot  
  31  4:06  Marine x2  
  31  4:09  Siege Tank  
  36  4:10  SCV  
  37  4:17  Medivac  
  39  4:27  Orbital Command  
  39  4:28  SCV  
  40  4:34  Marine x2  
  42  4:40  SCV  
  42  4:41  Widow Mine  
  45  4:49  Supply Depot  
  45  4:52  Marine x2  
  47  4:53  SCV  
  47  4:57  Barracks  
  48  5:03  Widow Mine  
  50  5:10  Marine x2  
  52  5:47  SCV x2  
  54  5:57  Refinery  
  54  5:58  Reaper x2  
  54  5:59  Siege Tank, SCV x2  
  54  6:01  Medivac  
  62  6:25  Marine  
  62  6:29  SCV x2  
  62  6:30  Marine  
  62  6:31  Medivac  
  62  6:32  Widow Mine  
  70  7:19  SCV x2  
  72  7:27  Barracks x2  
  72  7:48  Marine x3  
  75  7:53  Widow Mine  
  77  8:06  Marine x3  
  77  8:11  Starport Tech Lab  
  80  8:14  Widow Mine  
  80  8:15  Engineering Bay  
  82  8:24  Marine x3  
  85  8:29  Marine x2  
  87  8:35  Raven, Refinery  
  87  8:36  Widow Mine  
  91  8:41  Marine  
  91  8:42  Marine  
  91  8:43  Armory  
  93  8:50  Fusion Core  
  93  8:53  Marine  
  94  9:01  Marine x4  
  94  9:02  Widow Mine  
  100  9:11  Marine  
  100  9:14  Supply Depot  
  99  9:19  Marine x3  
  100  10:26  Marine x2  
  100  10:27  Marine x2  
  104  10:31  Battlecruiser  
  110  10:48  Supply Depot  
  110  10:50  Supply Depot  
  110  10:52  Supply Depot x2  
  110  10:58  Marine  
  110  11:00  Marine x3  
  110  11:03  Thor  
  73  11:34  Marine x4  
  73  11:35  Marine  
  73  11:36  Battlecruiser  
  84  11:46  Thor  
  90  11:52  Marine x5  
  95  11:54  Terran Infantry Weapons Level 1  
  95  11:57  Terran Vehicle And Ship Armor Level 1  
  78  12:10  Marine x5  
  82  12:27  Marine  
  82  12:28  Thor, Marine x4  
  93  12:40  Battlecruiser  
  99  12:45  Marine x2  
  99  12:46  Marine x3  
  104  13:03  Marine x4  
  104  13:04  Marine  
  109  13:11  Thor  
  115  13:21  Marine x5  
  120  13:39  Marine x5  
  131  13:54  Thor  
  137  13:57  Marine x5  
Show
View Real Time Build Order
Export as new Build Order

ALXuMuK Terran 

Build Orders: 2 Factory 

Get SALT Encoding   

  12  0:20  Supply Depot  
  12  0:29  Supply Depot, Refinery  
  12  0:31  SCV  
  13  0:43  SCV  
  14  0:56  Barracks  
  14  1:00  SCV  
  15  1:12  SCV  
  15  1:17  Refinery  
  16  1:25  SCV  
  17  1:36  Barracks  
  17  1:48  Marine  
  18  2:05  Orbital Command  
  18  2:12  Factory  
  18  2:18  Marine  
  19  2:27  Barracks Reactor  
  19  2:36  Marine  
  20  2:43  Factory  
  20  2:55  SCV  
  20  2:57  Barracks Tech Lab  
  21  2:59  Factory Tech Lab  
  21  3:04  Marine x2  
  24  3:21  Marine  
  24  3:22  Marine  
  24  3:23  Marauder  
  27  3:30  Factory Tech Lab  
  27  3:39  Marine x2  
  29  3:44  Marauder  
  31  4:07  Supply Depot  
  31  4:10  Supply Depot  
  31  4:12  Bunker  
  31  4:29  Siege Tank, Supply Depot, SCV, Marine x2  
  37  4:40  Supply Depot  
  37  4:41  SCV  
  38  4:59  Marine x2, Marauder  
  42  5:17  Marine x2  
  42  5:20  Marauder  
  46  5:22  SCV  
  47  5:34  SCV  
  48  5:42  Marauder  
  50  6:03  Command Center  
  50  6:22  Marine x2  
  53  6:26  Marauder  
  50  6:39  Marine  
  44  6:40  Marine  
  39  7:01  SCV  
  39  7:13  SCV  
  40  7:25  SCV  
  41  7:37  SCV x2  
  43  7:49  SCV  
  44  7:55  Marine x2  
  47  7:59  Marauder  
  47  8:02  Siege Tank  
  51  8:07  SCV  
  51  8:12  SCV  
  53  8:13  Marine x2  
  53  8:19  SCV  
  56  8:27  SCV  
  56  8:31  Marauder  
  59  8:39  SCV  
  60  8:51  SCV  
  61  9:05  SCV  
  62  9:17  SCV  
  60  9:28  Marine x2  
  60  9:29  SCV  
  60  9:31  Marauder  
  65  9:35  Cyclone  
  68  9:38  Cyclone  
  68  9:41  SCV  
  72  9:46  Marine x2  
  74  9:55  Marauder  
  76  10:03  Marine  
  76  10:04  Marine  
  56  10:08  Cyclone  
  56  10:10  Cyclone  
  57  10:17  Marauder  
  59  10:32  Orbital Command  
  59  10:37  Marine x2  
  59  10:38  Marauder  
  59  10:40  Siege Tank  
  66  10:47  Siege Tank  
  69  10:55  Marine x2  
  71  10:59  SCV, Marauder  
  71  11:30  Marine  
  71  11:31  Marine  
  73  11:34  Siege Tank  
  76  11:48  Marine  
  76  11:49  Marine  
  78  11:54  Siege Tank  
  78  11:55  Command Center  
  67  12:06  Marine x2  
  44  12:24  Marine x2  
  44  12:26  Cyclone  
  49  12:34  SCV  
  49  12:36  SCV  
  51  12:46  SCV  
  51  12:48  SCV  
  51  12:49  Marauder  
  51  12:50  Marine x2  
  54  12:58  Cyclone  
  54  13:00  SCV  
  56  13:08  Marine x2  
  56  13:11  Marauder  
  54  13:26  Marine x2  
  56  13:32  Marauder  
  58  13:35  SCV, Bunker  
  59  13:42  Siege Tank  
  59  13:43  Marine, Cyclone  
  59  13:44  Marine  
  59  13:47  SCV  
  68  13:53  Marauder  
  63  14:01  Marine x2  
  56  14:14  Marine  
Tags
 
League
Bronze
Matchup
TvT
Opening
2 Factory
Race
Terran
Add a new tag
Caveats
  • Supply blocks, unpowered buildings, or Contaminate may cause inaccurate times.
  • Supply counts are checked every 10 seconds.